Blues vs Senateurs
(R1)
Created - November 13, 2018 at 19:09
Goals
|
| Blues |
0 |
0 |
1 |
1 |
| Senateurs |
0 |
2 |
2 |
4 |
|
Shots
|
| Blues |
5 |
9 |
9 |
23 |
| Senateurs |
8 |
20 |
8 |
36 |
|
1st period
No Goal
Penalties :
Cody Ceci (STL) for Tripping (Minor) at 3:50, Nicklas Backstrom (STL) for Charging (Minor) at 8:00, Radim Vrbata (Ott) for Holding (Minor) at 13:35, Alex Pietrangelo (STL) for Hooking (Minor) at 19:40
2nd period
1. Senateurs , Dan Hamhuis 1 (Evgeni Malkin 10) at 12:10 (PP)
2. Senateurs , Radim Vrbata 3 (Sergei Kostitsyn 3, Brooks Orpik 4) at 18:45
Penalties :
Marian Hossa (Ott) for Interference (Minor) at 7:29, Sergei Shirokov (STL) for Interference (Minor) at 11:51, Marian Hossa (Ott) for Holding (Minor) at 16:05
3rd period
3. Senateurs , Sergei Kostitsyn 1 (Cody Hodgson 6, Radim Vrbata 3) at 4:49
4. Blues , David Perron 9 (Nicklas Backstrom 20, Alex Pietrangelo 17) at 7:36 (PP)
5. Senateurs , Evgeni Malkin 9 (Thomas Vanek 11, Marian Hossa 4) at 16:53 (PP)
Penalties :
Sergei Shirokov (STL) for Cross-checking (Minor) at 2:40, Evgeni Malkin (Ott) for Tripping (Minor) at 5:44, Nick Leddy (STL) for Close Hand On Puck (Minor) at 9:50, Cody Franson (Ott) for Roughing (Minor) at 12:49, Nick Leddy (STL) for Hooking (Minor) at 15:48
Goalie Stats
Carey Price (STL), 32 saves from 36 shots - (0.889), L, 5-5-0, 60:00 minutes
Ondrej Pavelec (Ott), 22 saves from 23 shots - (0.957), W, 8-6-0, 60:00 minutes
Players Stats for Blues
Player Name G A P +/- PIM S H SB GA TA FO MP PP MP PK MP
------------------------------------------------------------------------------------
Alex Pietrangelo 0 1 1 -2 2 4 1 0 0 0 0/0 28:06 5:51 5:46
Bryce Lampman 0 0 0 -1 0 1 2 1 1 1 0/0 24:44 3:57 6:55
Cody Ceci 0 0 0 0 2 0 0 0 0 1 0/0 11:00 0:00 1:09
David Perron 1 0 1 -1 0 5 1 0 1 0 1/3 18:16 5:24 0:58
Filip Forsberg 0 0 0 0 0 2 1 0 0 0 0/1 15:22 4:24 0:00
George Parros 0 0 0 -1 0 0 3 0 0 1 0/0 7:37 0:00 0:00
Jake Gardiner 0 0 0 -1 0 1 3 2 0 1 0/0 25:45 5:51 4:24
Jason Pominville 0 0 0 0 0 2 1 0 0 0 0/0 15:20 5:24 0:00
Linus Omark 0 0 0 -1 0 0 1 0 0 0 0/0 6:55 0:00 0:00
Logan Couture 0 0 0 0 0 1 2 0 0 0 9/19 15:47 0:00 6:47
Milan Michalek 0 0 0 0 0 0 1 0 0 1 0/0 12:20 0:00 3:26
Nick Leddy 0 0 0 0 4 0 1 1 0 0 0/0 14:23 3:57 0:00
Nicklas Backstrom 0 1 1 -1 2 4 0 1 0 0 7/24 18:07 5:24 0:50
Patrick Kaleta 0 0 0 0 0 0 0 1 0 0 0/1 15:55 0:00 6:55
Sergei Shirokov 0 0 0 -1 4 0 0 0 0 0 1/1 15:59 4:24 0:00
Tomas Plekanec 0 0 0 -1 0 1 0 0 0 0 0/2 7:42 0:00 0:16
Travis Zajac 0 0 0 0 0 2 1 0 2 1 6/11 18:54 4:24 3:26
Yann Sauvé 0 0 0 0 0 0 2 1 0 0 0/0 16:22 0:00 4:24
Players Stats for Senateurs
Player Name G A P +/- PIM S H SB GA TA FO MP PP MP PK MP
------------------------------------------------------------------------------------
Brandon Dubinsky 0 0 0 0 0 0 1 0 0 0 2/4 9:34 0:00 2:28
Brenden Morrow 0 0 0 0 0 0 1 2 0 0 0/0 16:18 4:12 1:57
Brooks Orpik 0 1 1 1 0 0 0 0 1 1 0/0 9:41 0:00 1:28
Carlo Colaiacovo 0 0 0 0 0 0 1 1 0 0 0/0 22:39 4:09 4:47
Chris Kunitz 0 0 0 0 0 1 1 0 0 0 0/0 7:16 0:00 0:13
Cody Franson 0 0 0 0 2 1 2 2 0 1 0/0 21:10 4:09 3:19
Cody Hodgson 0 1 1 2 0 4 0 0 1 0 3/5 10:24 0:00 0:13
Colby Armstrong 0 0 0 0 0 1 1 1 0 0 0/1 14:45 4:12 0:00
Dan Hamhuis 1 0 1 1 0 2 4 2 0 0 0/0 29:11 7:10 5:01
Daniel Briere 0 0 0 0 0 2 0 1 1 0 8/12 17:38 4:12 3:20
Evgeni Malkin 1 1 2 0 2 6 1 0 0 1 23/37 23:04 7:07 4:28
Karl Alzner 0 0 0 1 0 4 0 4 1 0 0/0 29:11 7:10 5:01
Marc-André Bernier 0 0 0 0 0 1 0 0 0 0 0/0 7:03 0:00 0:00
Marian Hossa 0 1 1 0 4 1 2 0 1 0 0/0 18:38 7:07 1:33
Radim Vrbata 1 1 2 2 2 2 1 0 0 0 0/0 11:13 0:00 0:00
Sergei Kostitsyn 1 1 2 2 0 4 2 0 0 0 0/0 10:11 0:00 0:00
Thomas Vanek 0 1 1 0 0 6 0 0 1 0 2/3 24:01 7:07 5:24
Vladimir Mihalik 0 0 0 1 0 1 0 2 0 1 0/0 8:10 0:00 0:00
3 Stars
1 - Sergei Kostitsyn (Ott)
2 - Dan Hamhuis (Ott)
3 - Radim Vrbata (Ott)
Power Play
Blues - 1 on 5 Attempt(s) - 20.00%
Senateurs - 2 on 7 Attempt(s) - 28.57%
Penalty Kill
Blues - 5 on 7 Attempt(s) - 71.43%
- Score 0 goal in Penalty Kill
Senateurs - 4 on 5 Attempt(s) - 80.00%
- Score 0 goal in Penalty Kill
Team Stat
Blues - Hits : 20 - Faceoff Wins : 24 - Blocked Shots : 7 - Penalty Minutes : 14
Senateurs - Hits : 17 - Faceoff Wins : 38 - Blocked Shots : 15 - Penalty Minutes : 10
Official
Referees : Unknown
Linesman : Unknown
Game Notes
No Game Note
Finance
Level 1 -- Attendance: 5649 (94.15%) -- Ticket Income $468,867
Level 2 -- Attendance: 5000 (100.00%) -- Ticket Income $265,000
Level 3 -- Attendance: 1790 (89.50%) -- Ticket Income $59,070
Level 4 -- Attendance: 3562 (89.05%) -- Ticket Income $81,926
Luxury Box -- Attendance: 1000 (100.00%) -- Ticket Income $155,000
Game was played at the Place Banque Scotia.
Total Attendance: 17001 (94.45%)
Total Ticket Income: $1,029,863
Other Income: $154,479
Total Income: $1,184,342
Blues
5 vs 5 Forward
Center Left Wing Right Wing Time % Phy DF OF
1 Nicklas Backstrom David Perron Sergei Shirokov 40 1 2 2
2 Travis Zajac Filip Forsberg Jason Pominville 30 1 2 2
3 Logan Couture Milan Michalek Patrick Kaleta 20 1 2 2
4 Tomas Plekanec Linus Omark George Parros 10 1 2 2
5 vs 5 Defense
Defense Defense Time % Phy DF OF
1 Alex Pietrangelo Jake Gardiner 40 1 2 2
2 Bryce Lampman Yann Sauvé 30 1 2 2
3 Nick Leddy Cody Ceci 20 1 2 2
4 Alex Pietrangelo Bryce Lampman 10 1 2 2
PowerPlay Forward
Center Left Wing Right Wing Time % Phy DF OF
1 Nicklas Backstrom David Perron Jason Pominville 60 1 2 2
2 Travis Zajac Filip Forsberg Sergei Shirokov 40 1 2 2
PowerPlay Defense
Defense Defense Time % Phy DF OF
1 Alex Pietrangelo Jake Gardiner 60 1 2 2
2 Nick Leddy Bryce Lampman 40 1 2 2
Penalty Kill 4 Players Forward
Center Wing Time % Phy DF OF
1 Logan Couture Patrick Kaleta 60 1 2 2
2 Travis Zajac Milan Michalek 40 1 2 2
Penalty Kill 4 Players Defense
Defense Defense Time % Phy DF OF
1 Alex Pietrangelo Bryce Lampman 60 1 2 2
2 Jake Gardiner Yann Sauvé 40 1 2 2
Penalty Kill - 3 Players Forward
Forward Time % Phy DF OF
1 Logan Couture 60 1 2 2
2 Milan Michalek 40 1 2 2
Penalty Kill - 3 Players Defense
Defense Defense Time % Phy DF OF
1 Alex Pietrangelo Bryce Lampman 60 1 2 2
2 Jake Gardiner Yann Sauvé 40 1 2 2
4 vs 4 Forward
Center Wing Time % Phy DF OF
1 Nicklas Backstrom David Perron 60 1 2 2
2 Travis Zajac Jason Pominville 40 1 2 2
4 vs 4 Defense
Defense Defense Time % Phy DF OF
1 Alex Pietrangelo Bryce Lampman 60 1 2 2
2 Jake Gardiner Yann Sauvé 40 1 2 2
Last Minutes Offensive
Center Left Wing Right Wing Defense Defense
Nicklas Backstrom David Perron Jason Pominville Alex Pietrangelo Jake Gardiner
Last Minutes Defensive
Center Left Wing Right Wing Defense Defense
Travis Zajac Milan Michalek Patrick Kaleta Alex Pietrangelo Bryce Lampman
Goaltenders
Starting : Carey Price
Backup : Ray Emery
Extra Forwards
Normal : Logan Couture, George Parros, Patrick Kaleta - PP : Logan Couture, George Parros - PK : Patrick Kaleta
Extra Defensemen
Normal : Nick Leddy, Cody Ceci, Jake Gardiner - PP : Nick Leddy - PK : Cody Ceci, Jake Gardiner
Penalty Shots
David Perron, Nicklas Backstrom, Logan Couture, Travis Zajac, Milan Michalek
Scratches
None
Senateurs
5 vs 5 Forward
Center Left Wing Right Wing Time % Phy DF OF
1 Evgeni Malkin Thomas Vanek Colby Armstrong 40 1 2 2
2 Daniel Briere Brenden Morrow Marian Hossa 30 1 2 2
3 Cody Hodgson Sergei Kostitsyn Radim Vrbata 20 1 2 2
4 Brandon Dubinsky Chris Kunitz Marc-André Bernier 10 1 2 2
5 vs 5 Defense
Defense Defense Time % Phy DF OF
1 Dan Hamhuis Karl Alzner 40 1 2 2
2 Cody Franson Carlo Colaiacovo 30 1 2 2
3 Vladimir Mihalik Brooks Orpik 20 1 2 2
4 Dan Hamhuis Karl Alzner 10 1 2 2
PowerPlay Forward
Center Left Wing Right Wing Time % Phy DF OF
1 Evgeni Malkin Thomas Vanek Marian Hossa 60 1 2 2
2 Daniel Briere Brenden Morrow Colby Armstrong 40 1 2 2
PowerPlay Defense
Defense Defense Time % Phy DF OF
1 Dan Hamhuis Karl Alzner 60 1 2 2
2 Cody Franson Carlo Colaiacovo 40 1 2 2
Penalty Kill 4 Players Forward
Center Wing Time % Phy DF OF
1 Evgeni Malkin Thomas Vanek 60 1 2 2
2 Daniel Briere Marian Hossa 40 1 2 2
Penalty Kill 4 Players Defense
Defense Defense Time % Phy DF OF
1 Dan Hamhuis Karl Alzner 60 1 2 2
2 Cody Franson Carlo Colaiacovo 40 1 2 2
Penalty Kill - 3 Players Forward
Forward Time % Phy DF OF
1 Evgeni Malkin 60 1 2 2
2 Thomas Vanek 40 1 2 2
Penalty Kill - 3 Players Defense
Defense Defense Time % Phy DF OF
1 Dan Hamhuis Karl Alzner 60 1 2 2
2 Cody Franson Carlo Colaiacovo 40 1 2 2
4 vs 4 Forward
Center Wing Time % Phy DF OF
1 Evgeni Malkin Thomas Vanek 60 1 2 2
2 Daniel Briere Marian Hossa 40 1 2 2
4 vs 4 Defense
Defense Defense Time % Phy DF OF
1 Dan Hamhuis Karl Alzner 60 1 2 2
2 Cody Franson Carlo Colaiacovo 40 1 2 2
Last Minutes Offensive
Center Left Wing Right Wing Defense Defense
Evgeni Malkin Thomas Vanek Marian Hossa Dan Hamhuis Karl Alzner
Last Minutes Defensive
Center Left Wing Right Wing Defense Defense
Evgeni Malkin Thomas Vanek Marian Hossa Dan Hamhuis Karl Alzner
Goaltenders
Starting : Ondrej Pavelec
Backup : Jeff Deslauriers
Extra Forwards
Normal : Cody Hodgson, Radim Vrbata, Brandon Dubinsky - PP : Cody Hodgson, Radim Vrbata - PK : Brandon Dubinsky
Extra Defensemen
Normal : Vladimir Mihalik, Brooks Orpik, Cody Franson - PP : Vladimir Mihalik - PK : Brooks Orpik, Cody Franson
Penalty Shots
Evgeni Malkin, Thomas Vanek, Daniel Briere, Marian Hossa, Brenden Morrow
Scratches
None
% Time on Ice - Blues
Lines # - Real PCT - Wanted PCT - Time Play
Normal Forward
1 - 31% - 40% - 12:06
2 - 28% - 30% - 11:04
3 - 23% - 20% - 8:48
4 - 18% - 10% - 6:55
Normal Defense
1 - 41% - 40% - 15:47
2 - 33% - 30% - 12:49
3 - 24% - 20% - 9:31
4 - 2% - 10% - 0:46
PP Forward
1 - 55% - 60% - 5:24
2 - 45% - 40% - 4:24
PP Defense
1 - 60% - 60% - 5:51
2 - 40% - 40% - 3:57
PK Forward
1 - 70% - 60% - 7:53
2 - 30% - 40% - 3:26
PK Defense
1 - 61% - 60% - 6:55
2 - 39% - 40% - 4:24
PK3 Forward
1 - 0% - 60%
2 - 0% - 40%
PK3 Defense
1 - 0% - 60%
2 - 0% - 40%
44 Forward
1 - 0% - 60%
2 - 0% - 40%
44 Defense
1 - 0% - 60%
2 - 0% - 40%
Last Minute Offensive - 0:00
Last Minute Defensive - 0:00
Total
Forward - 60:00
Defense - 60:00
|
% Time on Ice - Senateurs
Lines # - Real PCT - Wanted PCT - Time Play
Normal Forward
1 - 30% - 40% - 11:33
2 - 26% - 30% - 10:06
3 - 26% - 20% - 10:11
4 - 18% - 10% - 7:03
Normal Defense
1 - 42% - 40% - 16:19
2 - 35% - 30% - 13:43
3 - 21% - 20% - 8:10
4 - 2% - 10% - 0:41
PP Forward
1 - 63% - 60% - 7:07
2 - 37% - 40% - 4:12
PP Defense
1 - 63% - 60% - 7:10
2 - 37% - 40% - 4:09
PK Forward
1 - 73% - 60% - 7:11
2 - 27% - 40% - 2:37
PK Defense
1 - 51% - 60% - 5:01
2 - 49% - 40% - 4:47
PK3 Forward
1 - 0% - 60%
2 - 0% - 40%
PK3 Defense
1 - 0% - 60%
2 - 0% - 40%
44 Forward
1 - 0% - 60%
2 - 0% - 40%
44 Defense
1 - 0% - 60%
2 - 0% - 40%
Last Minute Offensive - 0:00
Last Minute Defensive - 0:00
Total
Forward - 60:00
Defense - 60:00
|
Play by Play
1st period
0:01 of 1st period - Evgeni Malkin wins face-off versus Nicklas Backstrom in neutral zone.
0:25 of 1st period - Marian Hossa is hit by Filip Forsberg and loses puck.
0:34 of 1st period - Slapshot by Alex Pietrangelo.
0:34 of 1st period - Shot Blocked by Carlo Colaiacovo.
0:53 of 1st period - Bryce Lampman is hit by Brandon Dubinsky and loses puck.
1:34 of 1st period - Slapshot by David Perron.
1:34 of 1st period - Stopped by Ondrej Pavelec with a rebound.
1:36 of 1st period - Snap shot by David Perron.
1:36 of 1st period - Shot Blocked by Vladimir Mihalik.
1:54 of 1st period - Wrist shot by Logan Couture.
1:54 of 1st period - Shot Misses the Net.
1:56 of 1st period - Snap shot by Patrick Kaleta.
1:56 of 1st period - Shot Misses the Net.
2:26 of 1st period - Snap shot by Daniel Briere.
2:26 of 1st period - Shot Blocked by Bryce Lampman.
3:12 of 1st period - Wrist shot by Nicklas Backstrom.
3:12 of 1st period - Stopped by Ondrej Pavelec with a rebound.
3:22 of 1st period - Radim Vrbata is hit by Linus Omark and loses puck.
3:29 of 1st period - Wrist shot by Cody Hodgson.
3:29 of 1st period - Shot Misses the Net.
3:50 of 1st period - Minor Penalty to Cody Ceci for Tripping.
3:51 of 1st period - Logan Couture wins face-off versus Evgeni Malkin in Blues zone.
4:01 of 1st period - Off-side.
4:02 of 1st period - Evgeni Malkin wins face-off versus Logan Couture in neutral zone.
4:48 of 1st period - Snap shot by Travis Zajac.
4:48 of 1st period - Shot Misses the Net.
5:50 of 1st period - Penalty to Cody Ceci is over, Cody Ceci is back on ice.
6:05 of 1st period - Wrist shot by David Perron.
6:05 of 1st period - Shot Misses the Net.
6:07 of 1st period - Slapshot by Sergei Shirokov.
6:07 of 1st period - Shot Misses the Net.
6:25 of 1st period - Slapshot by Linus Omark.
6:25 of 1st period - Shot Misses the Net.
6:27 of 1st period - Wrist shot by Tomas Plekanec.
6:27 of 1st period - Shot Blocked by Cody Franson.
6:29 of 1st period - Slapshot by Alex Pietrangelo.
6:29 of 1st period - Shot Blocked by Cody Franson.
6:39 of 1st period - Wrist shot by Cody Hodgson.
6:39 of 1st period - Shot Hit the Post.
6:45 of 1st period - Slapshot by Cody Hodgson.
6:45 of 1st period - Stopped by Carey Price with a rebound.
7:14 of 1st period - Thomas Vanek is hit by Nick Leddy and loses puck.
7:50 of 1st period - Wrist shot by Logan Couture.
7:50 of 1st period - Stopped by Ondrej Pavelec without a rebound.
7:51 of 1st period - Cody Hodgson wins face-off versus Nicklas Backstrom in Senateurs zone.
7:57 of 1st period - Icing by Radim Vrbata.
7:58 of 1st period - Nicklas Backstrom wins face-off versus Cody Hodgson in Senateurs zone.
8:00 of 1st period - Minor Penalty to Nicklas Backstrom for Charging.
8:01 of 1st period - Logan Couture wins face-off versus Evgeni Malkin in Blues zone.
8:51 of 1st period - Slapshot by Jake Gardiner.
8:51 of 1st period - Shot Misses the Net.
9:03 of 1st period - Evgeni Malkin is hit by Logan Couture and loses puck.
10:00 of 1st period - Penalty to Nicklas Backstrom is over, Nicklas Backstrom is back on ice.
11:10 of 1st period - Icing by Dan Hamhuis.
11:11 of 1st period - Travis Zajac wins face-off versus Brandon Dubinsky in Senateurs zone.
11:34 of 1st period - Dan Hamhuis is hit by Milan Michalek and loses puck.
12:16 of 1st period - Off-side.
12:17 of 1st period - Cody Hodgson wins face-off versus Tomas Plekanec in neutral zone.
12:20 of 1st period - Snap shot by Cody Hodgson.
12:20 of 1st period - Shot Misses the Net.
12:42 of 1st period - Wrist shot by Sergei Kostitsyn.
12:42 of 1st period - Stopped by Carey Price without a rebound.
12:43 of 1st period - Evgeni Malkin wins face-off versus Nicklas Backstrom in Blues zone.
13:35 of 1st period - Minor Penalty to Radim Vrbata for Holding.
13:36 of 1st period - David Perron wins face-off versus Evgeni Malkin in Senateurs zone.
14:08 of 1st period - Snap shot by Alex Pietrangelo.
14:08 of 1st period - Deflect By Filip Forsberg.
14:08 of 1st period - Shot Blocked by Karl Alzner.
14:08 of 1st period - Puck is out of play.
14:09 of 1st period - Evgeni Malkin wins face-off versus Nicklas Backstrom in Senateurs zone.
15:18 of 1st period - Dan Hamhuis is hit by Jake Gardiner and loses puck.
15:31 of 1st period - Thomas Vanek is hit by Bryce Lampman and loses puck.
15:35 of 1st period - Penalty to Radim Vrbata is over, Radim Vrbata is back on ice.
15:38 of 1st period - Wrist shot by Travis Zajac.
15:38 of 1st period - Stopped by Ondrej Pavelec with a rebound.
15:50 of 1st period - Wrist shot by Evgeni Malkin.
15:50 of 1st period - Stopped by Carey Price with a rebound.
16:23 of 1st period - Slapshot by Bryce Lampman.
16:23 of 1st period - Shot Misses the Net.
16:33 of 1st period - Snap shot by Evgeni Malkin.
16:33 of 1st period - Shot Blocked by Yann Sauvé.
16:35 of 1st period - Slapshot by Brooks Orpik.
16:35 of 1st period - Shot Misses the Net.
16:37 of 1st period - Slapshot by Vladimir Mihalik.
16:37 of 1st period - Deflect By Bryce Lampman.
16:37 of 1st period - Stopped by Carey Price without a rebound.
16:38 of 1st period - Daniel Briere wins face-off versus Logan Couture in Blues zone.
16:49 of 1st period - Snap shot by Milan Michalek.
16:49 of 1st period - Shot Misses the Net.
16:51 of 1st period - Slapshot by Alex Pietrangelo.
16:51 of 1st period - Stopped by Ondrej Pavelec with a rebound.
16:53 of 1st period - Slapshot by Patrick Kaleta.
16:53 of 1st period - Deflect By Milan Michalek.
16:53 of 1st period - Shot Blocked by Brenden Morrow.
16:53 of 1st period - Puck is out of play.
16:54 of 1st period - Brandon Dubinsky wins face-off versus Tomas Plekanec in Senateurs zone.
16:59 of 1st period - Alex Pietrangelo is hit by Chris Kunitz and loses puck.
17:20 of 1st period - Karl Alzner is hit by Alex Pietrangelo and loses puck.
17:37 of 1st period - Slapshot by Karl Alzner.
17:37 of 1st period - Stopped by Carey Price with a rebound.
18:05 of 1st period - Slapshot by Dan Hamhuis.
18:05 of 1st period - Shot Misses the Net.
18:07 of 1st period - Slapshot by Daniel Briere.
18:07 of 1st period - Shot Misses the Net.
18:09 of 1st period - Slapshot by Karl Alzner.
18:09 of 1st period - Stopped by Carey Price without a rebound.
18:10 of 1st period - Daniel Briere wins face-off versus Logan Couture in Blues zone.
18:47 of 1st period - Patrick Kaleta is hit by Radim Vrbata and loses puck.
18:52 of 1st period - Wrist shot by Sergei Kostitsyn.
18:52 of 1st period - Stopped by Carey Price with a rebound.
19:21 of 1st period - Colby Armstrong is hit by George Parros and loses puck.
19:40 of 1st period - Minor Penalty to Alex Pietrangelo for Hooking.
19:41 of 1st period - Evgeni Malkin wins face-off versus Logan Couture in Blues zone.
19:42 of 1st period - Snap shot by Thomas Vanek.
19:42 of 1st period - Shot Misses the Net.
19:44 of 1st period - Snap shot by Marian Hossa.
19:44 of 1st period - Stopped by Carey Price without a rebound.
19:45 of 1st period - Evgeni Malkin wins face-off versus Logan Couture in Blues zone.
Goals for this period are 0 for Blues vs 0 for Senateurs.
Shots for this period are 5 for Blues vs 8 for Senateurs.
2nd period
0:01 of 2nd period - Evgeni Malkin wins face-off versus Logan Couture in neutral zone.
0:06 of 2nd period - Wrist shot by Dan Hamhuis.
0:06 of 2nd period - Deflect By Evgeni Malkin.
0:06 of 2nd period - Shot Misses the Net.
0:06 of 2nd period - Puck is out of play.
0:07 of 2nd period - Evgeni Malkin wins face-off versus Logan Couture in Blues zone.
0:42 of 2nd period - Wrist shot by Daniel Briere.
0:42 of 2nd period - Stopped by Carey Price with a rebound.
1:34 of 2nd period - Brenden Morrow is hit by Yann Sauvé and loses puck.
1:40 of 2nd period - Penalty to Alex Pietrangelo is over, Alex Pietrangelo is back on ice.
2:20 of 2nd period - Snap shot by Brandon Dubinsky.
2:20 of 2nd period - Shot Misses the Net.
2:38 of 2nd period - Colby Armstrong is hit by George Parros and loses puck.
3:21 of 2nd period - Wrist shot by Brandon Dubinsky.
3:21 of 2nd period - Deflect By Marc-André Bernier.
3:21 of 2nd period - Shot Blocked by Nick Leddy.
3:21 of 2nd period - Puck is out of play.
3:22 of 2nd period - Brandon Dubinsky wins face-off versus Nicklas Backstrom in Blues zone.
3:31 of 2nd period - Snap shot by Chris Kunitz.
3:31 of 2nd period - Stopped by Carey Price without a rebound.
3:32 of 2nd period - Daniel Briere wins face-off versus Nicklas Backstrom in Blues zone.
3:45 of 2nd period - Snap shot by Nicklas Backstrom.
3:45 of 2nd period - Shot Blocked by Vladimir Mihalik.
3:47 of 2nd period - Snap shot by Sergei Shirokov.
3:47 of 2nd period - Shot Misses the Net.
3:49 of 2nd period - Slapshot by Bryce Lampman.
3:49 of 2nd period - Stopped by Ondrej Pavelec without a rebound.
3:50 of 2nd period - Travis Zajac wins face-off versus Evgeni Malkin in Senateurs zone.
3:51 of 2nd period - Wrist shot by Jason Pominville.
3:51 of 2nd period - Shot Misses the Net.
4:01 of 2nd period - Filip Forsberg is hit by Colby Armstrong and loses puck.
4:16 of 2nd period - Sergei Shirokov is hit by Dan Hamhuis and loses puck.
4:22 of 2nd period - Yann Sauvé is hit by Dan Hamhuis and loses puck.
4:27 of 2nd period - Slapshot by Alex Pietrangelo.
4:27 of 2nd period - Shot Blocked by Karl Alzner.
4:37 of 2nd period - Slapshot by Alex Pietrangelo.
4:37 of 2nd period - Shot Misses the Net.
4:49 of 2nd period - Snap shot by Cody Hodgson.
4:49 of 2nd period - Stopped by Carey Price with a rebound.
6:28 of 2nd period - Off-side.
6:29 of 2nd period - Daniel Briere wins face-off versus Patrick Kaleta in neutral zone.
7:04 of 2nd period - Snap shot by Yann Sauvé.
7:04 of 2nd period - Shot Misses the Net.
7:29 of 2nd period - Minor Penalty to Marian Hossa for Interference.
7:30 of 2nd period - Evgeni Malkin wins face-off versus Nicklas Backstrom in Senateurs zone.
7:30 of 2nd period - Evgeni Malkin is hit by Jake Gardiner.
8:01 of 2nd period - Slapshot by Alex Pietrangelo.
8:01 of 2nd period - Stopped by Ondrej Pavelec without a rebound.
8:02 of 2nd period - Evgeni Malkin wins face-off versus Nicklas Backstrom in Senateurs zone.
9:29 of 2nd period - Penalty to Marian Hossa is over, Marian Hossa is back on ice.
9:57 of 2nd period - Snap shot by Brenden Morrow.
9:57 of 2nd period - Shot Misses the Net.
10:29 of 2nd period - Cody Hodgson is hit by Travis Zajac and loses puck.
10:34 of 2nd period - Slapshot by Jason Pominville.
10:34 of 2nd period - Stopped by Ondrej Pavelec without a rebound.
10:35 of 2nd period - Evgeni Malkin wins face-off versus Filip Forsberg in Senateurs zone.
10:46 of 2nd period - Snap shot by Evgeni Malkin.
10:46 of 2nd period - Stopped by Carey Price without a rebound.
10:47 of 2nd period - Evgeni Malkin wins face-off versus Nicklas Backstrom in Blues zone.
10:56 of 2nd period - Backhand shot by Thomas Vanek.
10:56 of 2nd period - Stopped by Carey Price without a rebound.
10:57 of 2nd period - Sergei Shirokov wins face-off versus Evgeni Malkin in Blues zone.
11:26 of 2nd period - Slapshot by Nicklas Backstrom.
11:26 of 2nd period - Stopped by Ondrej Pavelec with a rebound.
11:28 of 2nd period - Slapshot by Alex Pietrangelo.
11:28 of 2nd period - Shot Blocked by Dan Hamhuis.
11:30 of 2nd period - Backhand shot by Jake Gardiner.
11:30 of 2nd period - Deflect By David Perron.
11:30 of 2nd period - Shot Misses the Net.
11:30 of 2nd period - Puck is out of play.
11:31 of 2nd period - Travis Zajac wins face-off versus Daniel Briere in Senateurs zone.
11:32 of 2nd period - Slapshot by Filip Forsberg.
11:32 of 2nd period - Shot Blocked by Daniel Briere.
11:46 of 2nd period - Slapshot by Daniel Briere.
11:46 of 2nd period - Stopped by Carey Price without a rebound.
11:47 of 2nd period - Evgeni Malkin wins face-off versus Nicklas Backstrom in Blues zone.
11:48 of 2nd period - Wrist shot by Thomas Vanek.
11:48 of 2nd period - Stopped by Carey Price without a rebound.
11:49 of 2nd period - Nicklas Backstrom wins face-off versus Evgeni Malkin in Blues zone.
11:51 of 2nd period - Minor Penalty to Sergei Shirokov for Interference.
11:52 of 2nd period - Evgeni Malkin wins face-off versus Logan Couture in Blues zone.
11:58 of 2nd period - Snap shot by Thomas Vanek.
11:58 of 2nd period - Stopped by Carey Price without a rebound.
11:59 of 2nd period - Evgeni Malkin wins face-off versus Logan Couture in Blues zone.
12:00 of 2nd period - Wrist shot by Thomas Vanek.
12:00 of 2nd period - Shot Misses the Net.
12:10 of 2nd period - Slapshot by Dan Hamhuis.
12:10 of 2nd period - Goal by Dan Hamhuis - Blues : 0 - Senateurs : 1.
12:11 of 2nd period - Evgeni Malkin wins face-off versus David Perron in neutral zone.
12:22 of 2nd period - Wrist shot by Thomas Vanek.
12:22 of 2nd period - Stopped by Carey Price without a rebound.
12:23 of 2nd period - Evgeni Malkin wins face-off versus Nicklas Backstrom in Blues zone.
12:24 of 2nd period - Snap shot by Thomas Vanek.
12:24 of 2nd period - Stopped by Carey Price without a rebound.
12:25 of 2nd period - Nicklas Backstrom wins face-off versus Evgeni Malkin in Blues zone.
12:34 of 2nd period - Thomas Vanek is hit by David Perron and loses puck.
12:55 of 2nd period - Slapshot by Sergei Kostitsyn.
12:55 of 2nd period - Stopped by Carey Price with a rebound.
12:57 of 2nd period - Snap shot by Radim Vrbata.
12:57 of 2nd period - Stopped by Carey Price with a rebound.
12:59 of 2nd period - Wrist shot by Karl Alzner.
12:59 of 2nd period - Stopped by Carey Price without a rebound.
13:00 of 2nd period - Evgeni Malkin wins face-off versus Travis Zajac in Blues zone.
13:42 of 2nd period - Snap shot by Evgeni Malkin.
13:42 of 2nd period - Stopped by Carey Price with a rebound.
13:44 of 2nd period - Wrist shot by Colby Armstrong.
13:44 of 2nd period - Shot Blocked by Patrick Kaleta.
13:46 of 2nd period - Wrist shot by Cody Franson.
13:46 of 2nd period - Stopped by Carey Price without a rebound.
13:47 of 2nd period - Logan Couture wins face-off versus Daniel Briere in Blues zone.
14:21 of 2nd period - Nicklas Backstrom is hit by Sergei Kostitsyn and loses puck.
14:38 of 2nd period - Chris Kunitz is hit by George Parros and loses puck.
15:39 of 2nd period - Wrist shot by Marc-André Bernier.
15:39 of 2nd period - Stopped by Carey Price with a rebound.
16:05 of 2nd period - Minor Penalty to Marian Hossa for Holding.
16:06 of 2nd period - Thomas Vanek wins face-off versus David Perron in Senateurs zone.
16:11 of 2nd period - Jake Gardiner is hit by Evgeni Malkin and loses puck.
16:38 of 2nd period - Snap shot by Travis Zajac.
16:38 of 2nd period - Shot Blocked by Karl Alzner.
16:40 of 2nd period - Snap shot by Travis Zajac.
16:40 of 2nd period - Stopped by Ondrej Pavelec with a rebound.
16:42 of 2nd period - Snap shot by Filip Forsberg.
16:42 of 2nd period - Stopped by Ondrej Pavelec with a rebound.
17:38 of 2nd period - Carlo Colaiacovo is hit by Bryce Lampman.
18:05 of 2nd period - Penalty to Marian Hossa is over, Marian Hossa is back on ice.
18:12 of 2nd period - Brenden Morrow is hit by Logan Couture and loses puck.
18:45 of 2nd period - Backhand shot by Radim Vrbata.
18:45 of 2nd period - Goal by Radim Vrbata - Blues : 0 - Senateurs : 2.
18:46 of 2nd period - Evgeni Malkin wins face-off versus Nicklas Backstrom in neutral zone.
18:49 of 2nd period - Wrist shot by Colby Armstrong.
18:49 of 2nd period - Shot Misses the Net.
18:51 of 2nd period - Wrist shot by Thomas Vanek.
18:51 of 2nd period - Stopped by Carey Price with a rebound.
18:53 of 2nd period - Slapshot by Carlo Colaiacovo.
18:53 of 2nd period - Shot Hit the Post.
18:55 of 2nd period - Snap shot by Colby Armstrong.
18:55 of 2nd period - Shot Blocked by Nicklas Backstrom.
19:11 of 2nd period - Nicklas Backstrom is hit by Cody Franson and loses puck.
19:30 of 2nd period - Wrist shot by David Perron.
19:30 of 2nd period - Stopped by Ondrej Pavelec with a rebound.
19:32 of 2nd period - Snap shot by Nicklas Backstrom.
19:32 of 2nd period - Deflect By David Perron.
19:32 of 2nd period - Stopped by Ondrej Pavelec with a rebound.
19:34 of 2nd period - Snap shot by David Perron.
19:34 of 2nd period - Stopped by Ondrej Pavelec without a rebound.
19:35 of 2nd period - Thomas Vanek wins face-off versus Travis Zajac in Senateurs zone.
19:35 of 2nd period - Thomas Vanek is hit by Yann Sauvé.
19:41 of 2nd period - Slapshot by Evgeni Malkin.
19:41 of 2nd period - Stopped by Carey Price with a rebound.
Goals for this period are 0 for Blues vs 2 for Senateurs.
Shots for this period are 9 for Blues vs 20 for Senateurs.
3rd period
0:01 of 3rd period - Nicklas Backstrom wins face-off versus Colby Armstrong in neutral zone.
0:32 of 3rd period - Icing by Yann Sauvé.
0:33 of 3rd period - Daniel Briere wins face-off versus Travis Zajac in Blues zone.
0:54 of 3rd period - Snap shot by Filip Forsberg.
0:54 of 3rd period - Shot Misses the Net.
0:56 of 3rd period - Snap shot by Filip Forsberg.
0:56 of 3rd period - Shot Misses the Net.
0:58 of 3rd period - Slapshot by Jason Pominville.
0:58 of 3rd period - Shot Misses the Net.
1:09 of 3rd period - Off-side.
1:10 of 3rd period - Evgeni Malkin wins face-off versus Nicklas Backstrom in neutral zone.
1:21 of 3rd period - Snap shot by Nicklas Backstrom.
1:21 of 3rd period - Stopped by Ondrej Pavelec with a rebound.
1:59 of 3rd period - Snap shot by Tomas Plekanec.
1:59 of 3rd period - Stopped by Ondrej Pavelec with a rebound.
2:40 of 3rd period - Minor Penalty to Sergei Shirokov for Cross-checking.
2:41 of 3rd period - Evgeni Malkin wins face-off versus Logan Couture in Blues zone.
3:14 of 3rd period - Snap shot by Colby Armstrong.
3:14 of 3rd period - Stopped by Carey Price without a rebound.
3:15 of 3rd period - Travis Zajac wins face-off versus Daniel Briere in Blues zone.
3:28 of 3rd period - Slapshot by Jake Gardiner.
3:28 of 3rd period - Stopped by Ondrej Pavelec without a rebound.
3:29 of 3rd period - Logan Couture wins face-off versus Evgeni Malkin in Senateurs zone.
3:34 of 3rd period - Slapshot by Logan Couture.
3:34 of 3rd period - Shot Misses the Net.
3:57 of 3rd period - Slapshot by Dan Hamhuis.
3:57 of 3rd period - Shot Blocked by Jake Gardiner.
3:59 of 3rd period - Snap shot by Dan Hamhuis.
3:59 of 3rd period - Stopped by Carey Price without a rebound.
4:00 of 3rd period - Daniel Briere wins face-off versus Travis Zajac in Blues zone.
4:40 of 3rd period - Penalty to Sergei Shirokov is over, Sergei Shirokov is back on ice.
4:49 of 3rd period - Slapshot by Sergei Kostitsyn.
4:49 of 3rd period - Goal by Sergei Kostitsyn - Blues : 0 - Senateurs : 3.
4:50 of 3rd period - Evgeni Malkin wins face-off versus Nicklas Backstrom in neutral zone.
4:55 of 3rd period - Nick Leddy is hit by Dan Hamhuis and loses puck.
5:39 of 3rd period - Slapshot by Alex Pietrangelo.
5:39 of 3rd period - Stopped by Ondrej Pavelec without a rebound.
5:40 of 3rd period - Nicklas Backstrom wins face-off versus Evgeni Malkin in Senateurs zone.
5:44 of 3rd period - Minor Penalty to Evgeni Malkin for Tripping.
5:45 of 3rd period - Nicklas Backstrom wins face-off versus Brandon Dubinsky in Senateurs zone.
6:20 of 3rd period - Wrist shot by Bryce Lampman.
6:20 of 3rd period - Shot Misses the Net.
6:22 of 3rd period - Snap shot by Travis Zajac.
6:22 of 3rd period - Shot Misses the Net.
7:06 of 3rd period - Alex Pietrangelo is hit by Brenden Morrow and loses puck.
7:36 of 3rd period - Wrist shot by David Perron.
7:36 of 3rd period - Goal by David Perron - Blues : 1 - Senateurs : 3.
7:37 of 3rd period - Logan Couture wins face-off versus Evgeni Malkin in neutral zone.
9:44 of 3rd period - Wrist shot by Cody Hodgson.
9:44 of 3rd period - Stopped by Carey Price with a rebound.
9:50 of 3rd period - Minor Penalty to Nick Leddy for Close Hand On Puck.
9:51 of 3rd period - Logan Couture wins face-off versus Evgeni Malkin in Blues zone.
11:50 of 3rd period - Penalty to Nick Leddy is over, Nick Leddy is back on ice.
12:06 of 3rd period - Cody Ceci is hit by Sergei Kostitsyn and loses puck.
12:19 of 3rd period - Marc-André Bernier is hit by Jason Pominville and loses puck.
12:49 of 3rd period - Minor Penalty to Cody Franson for Roughing.
12:50 of 3rd period - Nicklas Backstrom wins face-off versus Thomas Vanek in Senateurs zone.
13:26 of 3rd period - Slapshot by Alex Pietrangelo.
13:26 of 3rd period - Stopped by Ondrej Pavelec without a rebound.
13:27 of 3rd period - Daniel Briere wins face-off versus Nicklas Backstrom in Senateurs zone.
14:49 of 3rd period - Penalty to Cody Franson is over, Cody Franson is back on ice.
14:57 of 3rd period - Backhand shot by Karl Alzner.
14:57 of 3rd period - Deflect By Milan Michalek.
14:57 of 3rd period - Stopped by Carey Price without a rebound.
14:58 of 3rd period - Logan Couture wins face-off versus Cody Hodgson in Blues zone.
15:09 of 3rd period - Slapshot by Alex Pietrangelo.
15:09 of 3rd period - Shot Blocked by Karl Alzner.
15:11 of 3rd period - Slapshot by Milan Michalek.
15:11 of 3rd period - Shot Misses the Net.
15:13 of 3rd period - Slapshot by Alex Pietrangelo.
15:13 of 3rd period - Shot Blocked by Dan Hamhuis.
15:29 of 3rd period - Slapshot by Travis Zajac.
15:29 of 3rd period - Shot Blocked by Brenden Morrow.
15:31 of 3rd period - Backhand shot by Travis Zajac.
15:31 of 3rd period - Deflect By Jason Pominville.
15:31 of 3rd period - Stopped by Ondrej Pavelec without a rebound.
15:32 of 3rd period - Travis Zajac wins face-off versus Evgeni Malkin in Senateurs zone.
15:48 of 3rd period - Minor Penalty to Nick Leddy for Hooking.
15:49 of 3rd period - Logan Couture wins face-off versus Evgeni Malkin in Blues zone.
15:49 of 3rd period - Logan Couture is hit by Dan Hamhuis.
16:02 of 3rd period - Slapshot by Evgeni Malkin.
16:02 of 3rd period - Stopped by Carey Price without a rebound.
16:03 of 3rd period - Logan Couture wins face-off versus Evgeni Malkin in Blues zone.
16:34 of 3rd period - Dan Hamhuis is hit by Jake Gardiner and loses puck.
16:47 of 3rd period - Wrist shot by Marian Hossa.
16:47 of 3rd period - Shot Blocked by Jake Gardiner.
16:53 of 3rd period - Wrist shot by Evgeni Malkin.
16:53 of 3rd period - Goal by Evgeni Malkin - Blues : 1 - Senateurs : 4.
16:54 of 3rd period - Cody Hodgson wins face-off versus Nicklas Backstrom in neutral zone.
16:59 of 3rd period - Slapshot by Cody Franson.
16:59 of 3rd period - Deflect By Cody Hodgson.
16:59 of 3rd period - Stopped by Carey Price with a rebound.
17:11 of 3rd period - Snap shot by Alex Pietrangelo.
17:11 of 3rd period - Shot Misses the Net.
17:44 of 3rd period - Yann Sauvé is hit by Cody Franson and loses puck.
17:53 of 3rd period - Yann Sauvé is hit by Carlo Colaiacovo and loses puck.
18:03 of 3rd period - Icing by Travis Zajac.
18:04 of 3rd period - Travis Zajac wins face-off versus Daniel Briere in Blues zone.
18:19 of 3rd period - Snap shot by Nicklas Backstrom.
18:19 of 3rd period - Stopped by Ondrej Pavelec without a rebound.
18:20 of 3rd period - Evgeni Malkin wins face-off versus Travis Zajac in Senateurs zone.
18:31 of 3rd period - Slapshot by Alex Pietrangelo.
18:31 of 3rd period - Shot Blocked by Colby Armstrong.
18:35 of 3rd period - Wrist shot by Filip Forsberg.
18:35 of 3rd period - Stopped by Ondrej Pavelec without a rebound.
18:36 of 3rd period - Daniel Briere wins face-off versus Nicklas Backstrom in Senateurs zone.
18:43 of 3rd period - Nicklas Backstrom is hit by Marian Hossa and loses puck.
18:52 of 3rd period - Alex Pietrangelo is hit by Marian Hossa and loses puck.
19:59 of 3rd period - Icing by Chris Kunitz.
Goals for this period are 1 for Blues vs 2 for Senateurs.
Shots for this period are 9 for Blues vs 8 for Senateurs.
Back to the Top